 Dungeon Crawl Stone Soup version 0.26.0-10-g1f06aea511 (webtiles) character file.

Game seed: 7617800031638100791

95 night the Ruffian (level 4, 0/24 HPs)
             Began as a Vine Stalker Fighter on Jan 23, 2021.
             Succumbed to a gnoll's poison
             ... on level 3 of the Dungeon.
             The game lasted 00:03:29 (1594 turns).

night the Ruffian (Vine Stalker Fighter)            Turns: 1594, Time: 00:03:29

Health: 0/24       AC:  8    Str: 20    XL:     4   Next: 65%
Magic:  3/5        EV:  7    Int:  8    God:
Gold:   115        SH: 10    Dex: 13    Spells: 3/3 levels left

rFire    + . .     SeeInvis .     - Unarmed
rCold    + . .     Faith    .   b - +1 kite shield
rNeg     . . .     Spirit   +   a - +0 scale mail
rPois    +         Reflect  .   (no helmet)
rElec    +         Harm     .   k - +0 cloak
rCorr    +         Rampage  .   m - +0 pair of gloves
Will     .....                  (no boots)
Stlth    ..........             l - amulet of magic regeneration
HPRegen  0.48/turn              (no ring)
MPRegen  0.34/turn              (no ring)

@: lethally poisoned (0 -> -12), resistant
A: fangs 2, regeneration 1, magic shield, antimagic bite, no potion heal 3
a: no special abilities


You were on level 3 of the Dungeon.
You visited 1 branch of the dungeon, and saw 3 of its levels.

You collected 115 gold pieces.

Inventory:

Missiles
 o - 4 javelins (quivered)
Armour
 a - a +0 scale mail (worn)
 b - a +1 kite shield (worn)
 k - a +0 cloak (worn)
 m - a +0 pair of gloves (worn)
Jewellery
 l - an amulet of magic regeneration (around neck)
Wands
 n - a wand of paralysis (11)
Scrolls
 d - a scroll of remove curse {unknown}
 e - a scroll of teleportation {unknown}
 h - a scroll of noise {unknown}
 p - a scroll of immolation {unknown}
Potions
 c - a potion of might
 g - a potion of magic {unknown}
 i - 2 potions of cancellation {unknown}
 j - 3 potions of curing {unknown}


   Skills:
 + Level 3.3 Fighting
 - Level 2.4 Armour
 + Level 3.2 Shields
 * Level 3.6 Unarmed Combat


You had 3 spell levels left.
You didn't know any spells.
Your spell library was empty.

Dungeon Overview and Level Annotations

Branches:
Dungeon (3/15)

Altars:


Innate Abilities, Weirdness & Mutations

You have extremely sharp teeth.
Your natural rate of healing is unusually fast.
When hurt, damage is shared between your health and your magic reserves.
Your bite disrupts and absorbs the magic of your enemies.
Potions cannot restore your health.


Message History

A frilled lizard comes into view.
The frilled lizard hisses angrily.
You hit the gnoll. Your bite misses the gnoll.
The gnoll is severely wounded.
You feel very sick. The gnoll hits you with a +0 spear.
* * * LOW HITPOINT WARNING * * *
You block the gnoll's attack.
You are too injured to fight recklessly!
* * * LOW HITPOINT WARNING * * *
You feel sick. The gnoll hits you but does no damage.
* * * LOW HITPOINT WARNING * * *
You feel sick.
* * * LOW HITPOINT WARNING * * *
You feel sick.
* * * LOW HITPOINT WARNING * * *
You feel sick.
It was a potion of resistance.
You feel protected.
You die...

.#....# #.# #.# .##.#.#
#.# #.# .##.### #.#
#.#### .##.#####.# #....#
###.....).#### #...(#
........#....######..?.#
#######.#.##.#.........#
.
#..)#.##.#.#####..$#....
#............@.gg........
#..###.##.#.######g##....
#.. #.##.#.# .# ... #..
#.##.#.# g# ## #. ..
..... .. #. ..... ..
.#....# .l# .#. ..# .^.


You could see 3 gnolls.

Vanquished Creatures
  3 adders (D:2)
  2 oozes (D:1)
  An adder skeleton (D:3)
  A worm (D:2)
  2 dart slugs (D:2)
  A leopard gecko (D:3)
  An orc (D:3)
  A giant cockroach (D:1)
  5 goblins
  5 hobgoblins
  4 jackals (D:1)
  A quokka (D:2)
  6 bats
  4 frilled lizards
  3 kobolds (D:1)
  10 rats
50 creatures vanquished.

Notes
Turn   | Place    | Note
-------+----------+-------------------------------------------
     0 | D:1      | night the Vine Stalker Fighter began the quest for the Orb.
     0 | D:1      | Reached XP level 1. HP: 11/11 MP: 2/2
    73 | D:1      | You fall into a shaft and drop 1 floor!
   159 | D:1      | Reached XP level 2. HP: 16/16 MP: 3/3
   611 | D:1      | Reached XP level 3. HP: 19/20 MP: 4/4
  1263 | D:2      | Gained mutation: Your natural rate of healing is unusually
                  | fast. [Vine Stalker growth]
  1263 | D:2      | Reached XP level 4. HP: 14/24 MP: 3/5
  1593 | D:3      | HP: 1/24 [poisoned by a gnoll]
  1594 | D:3      | Succumbed to a gnoll's poison

Illustrated notes

Levels and vault maps discovered:
D:1:      dpeg_arrival_three_smaller_balls, layout_loops_ring
D:2:      layout_basic, corexii_item_surrounded_by_moat
D:3:      kennysheep_slugbush, layout_basic, uniq_grinder

Skill      XL: |  1  2  3 |
---------------+----------+-----
Fighting       | 3 |  3.3
Shields        | 3 |  3.2
Unarmed Combat | 3 |  3.6
Armour         | |  2.4

Action                   |  1- 3 |  4- 6 || total
-------------------------+-------+-------++-------
Melee: Unarmed           |   118 |    52 ||   170
       Bite              |    31 |    11 ||    42
  Use: Scroll            |     1 |       ||     1
       Potion            |       |     1 ||     1
Armor: Scale mail        |    47 |    18 ||    65
Dodge: Dodged            |    34 |    11 ||    45
Block: Kite shield       |    66 |    29 ||    95
